 Dungeon Crawl Stone Soup version 0.28-a0-265-g048bc9fd10 (webtiles) character file.

Game seed: 12982563047181832753

151 Shayle the Ducker (level 5, -5/40 HPs)
             Began as a Djinni Warper on Aug 28, 2021.
             Slain by an orc warrior (12 damage)
             ... on level 4 of the Dungeon.
             The game lasted 00:07:02 (4069 turns).

Shayle the Ducker (Djinni Warper)                   Turns: 4069, Time: 00:07:03

Health: -5/40      AC: 10    Str: 10    XL:     5   Next: 59%
Gold:   193        EV: 16    Int: 16    God:
                   SH:  0    Dex: 12

rFire   + + .      SeeInvis .     - Unarmed
rCold   x . .      Faith    .   (no shield)
rNeg    . . .      Spirit   .   a - +0 leather armour
rPois   ∞          Reflect  .   (no helmet)
rElec   .          Harm     .   (no cloak)
rCorr   .          Rampage  .   j - +2 pair of gloves
Will    .....                   (boots unavailable)
Stlth   +.........              (no amulet)
HPRegen 0.13/turn               f - +4 ring of evasion
MPRegen 0.00/turn               e - +4 ring of protection

@: flying
A: sickness immunity, fire resistance 2, cold vulnerability 1, float, innate
caster, hp casting, extra vitality 1
a: no special abilities


You were on level 4 of the Dungeon.
You visited 1 branch of the dungeon, and saw 4 of its levels.

You collected 193 gold pieces.

Inventory:

Hand Weapons
 l - a +0 dagger of freezing
 n - a +1 short sword of flaming
Missiles
 c - 5 boomerangs of dispersal (quivered)
Armour
 a - a +0 leather armour (worn)
 j - a +2 pair of gloves (worn)
Jewellery
 e - a +4 ring of protection (right hand)
 f - a +4 ring of evasion (left hand)
 m - a ring of fire
Scrolls
 b - a scroll of blinking
 h - a scroll of noise {unknown}
 k - a scroll of teleportation {unknown}
Potions
 d - a potion of might
 g - a potion of degeneration
 i - 2 potions of cancellation
 q - a potion of attraction {unknown}


   Skills:
 + Level 3.1 Fighting
 - Level 0.7 Throwing
 - Level 1.0 Armour
 + Level 3.4 Dodging
 + Level 3.1 Unarmed Combat
 + Level 3.0 Spellcasting


You couldn't memorise any spells.
You knew the following spells:

 Your Spells              Type           Power      Damage    Failure   Level
a - Blink                 Tloc           N/A        N/A       11%         2
b - Lesser Beckoning      Tloc           6%         N/A       22%         3
c - Gell's Gravitas       Tloc           6%         N/A       22%         3
d - Teleport Other        Tloc           12%        N/A       22%         3
e - Manifold Assault      Tloc           12%        N/A       90%         5
f - Beastly Appendage     Tmut           24%        N/A       8%          1
g - Slow                  Hex            12%        N/A       11%         2
Your spell library was empty.

Dungeon Overview and Level Annotations

Branches:
Dungeon (4/15)
 Temple: D:4-7

Altars:

Shops:
D:1 =

Annotations:
D:3 2 runed translucent doors, Shayle's ghost, amateur DjWr


Innate Abilities, Weirdness & Mutations

You are immune to sickness and miasma.
You are immune to poison.
Your flesh is very heat resistant. (rF++)
You are vulnerable to cold. (rC-)
You float through the air rather than walking.
You learn spells naturally, not from books.
Your magical power is your life essence.
You have superior vitality. (+4 HP)


Message History

You headbutt the orc priest, but do no damage.
You hear a shout!
The orc priest hits you but does no damage.
You barely miss the orc priest.
The orc priest hits you but does no damage.
You barely miss the orc priest.
The orc priest hits you but does no damage.
You hit the orc priest but do no damage.
You closely miss the orc warrior.
You hit the orc warrior but do no damage.
Your transformation is almost over.
The orc warrior closely misses you.
The orc priest hits you but does no damage.
You barely miss the orc priest.
The orc warrior hits you with a +0 flail!
The orc priest barely misses you.
You hit the orc priest.
The orc priest is lightly wounded.
The orc warrior hits you with a +0 flail.
The orc priest begins to cast a cantrip, but forgets the words!
You hit the orc priest but do no damage.
The orc priest is lightly wounded.
The orc warrior hits you with a +0 flail!
The orc priest barely misses you.
The orc priest invokes the aid of Beogh against you.
Beogh smites you!
* * * LOW HITPOINT WARNING * * *
It was a potion of flight.
You feel more buoyant. The orc warrior closely misses you.
It was a potion of curing.
You feel better. The orc warrior barely misses you.
The orc priest casts a cantrip, but nothing happens.
The orc priest calls down the wrath of Beogh upon you.
Beogh smites you!
* * * LOW HITPOINT WARNING * * *
Your horns disappear.
You see here a +0 hunting sling.
There is an escape hatch in the ceiling here.
The orc warrior hits you with a +0 flail!
You die...

#...#....###... ##
#..............
####.###.......####..#
#.....##.......# #.##
.........#.....#####.#
#.#.###...##.......#..........
#.#......####.o)..###..######.
...........##o..##.#.#.# #.
#....P..P...#@..# #.##.######.
#...........#...# ###.....>..
#..P......P.....# #########
####..............##
...#..............#
...)..P......P..#.#
...............##.#
#.###...P..P...##.#
#.##..........###.#


You could see an orc warrior and an orc priest.

Vanquished Creatures
  A scorpion (D:4)
  2 adders
  An ufetubus (D:4)
  A worm (D:2)
  A dart slug (D:4)
  3 orcs
  4 ball pythons
  5 endoplasms
  4 giant cockroaches
  3 goblins
  6 hobgoblins
  2 quokkas (D:2)
  6 bats
  2 frilled lizards
  7 kobolds
  9 rats
  A spectral goblin (D:1)
58 creatures vanquished.

Notes
Turn   | Place    | Note
-------+----------+-------------------------------------------
     0 | D:1      | Shayle the Djinni Warper began the quest for the Orb.
     0 | D:1      | Reached XP level 1. HP: 18/18 MP: 0/0
   168 | D:1      | Found Ikhauveil's Jewellery Emporium.
   265 | D:1      | Reached XP level 2. HP: 20/23 MP: 0/0
   455 | D:1      | Found a faded altar of an unknown god.
  1423 | D:2      | Reached XP level 3. HP: 25/29 MP: 0/0
  1423 | D:2      | Learned a level 1 spell: Beastly Appendage
  2578 | D:3      | Found a runed translucent door.
  2587 | D:3      | Reached XP level 4. HP: 30/34 MP: 0/0
  3112 | D:3      | Found a runed translucent door.
  3115 | D:3      | Noticed Shayle's ghost (amateur DjWr)
  3441 | D:4      | Noticed a scorpion
  3458 | D:4      | Killed a scorpion
  3459 | D:4      | Reached XP level 5. HP: 29/40 MP: 0/0
  3459 | D:4      | Learned a level 2 spell: Slow
  3661 | D:4      | Noticed an orc warrior
  4069 | D:4      | Slain by an orc warrior

Illustrated notes

Levels and vault maps discovered:
D:1:      evilmike_arrival_fibonacci_small, layout_basic, serial_shops,
          shop_fountains, dreamdust_ecumenical_altar_drowned_temple,
          kennysheep_minor_cross, minivault_27
D:2:      layout_basic, serial_co_window_serial, co_window_of_opportunity_a,
          co_window_paths_a, co_window_paths_b, co_window_paths_a,
          co_window_cross_1, co_window_unsneaky_path_d, co_window_corner_b,
          co_window_corner_b, co_window_broadway_a, co_window_unsneaky_path_d,
          co_window_4corner_b, co_window_paths_d, glass_columns_c,
          glass_columns_a, glass_columns_a, glass_columns_b
D:3:      layout_loops_ring, ebering_ghost_sewer_f
D:4:      layout_loops_ring, minmay_misc_feat_plants, guppyfry_early_orc_mine

Skill      XL: |  1  2  3  4 |
---------------+-------------+-----
Dodging        | 3 |  3.4
Fighting       | 3 |  3.1
Unarmed Combat | 3 |  3.1
Spellcasting   | 3 |  3.0
Throwing       | |  0.7
Armour         | |  1.0

Action                   |  1- 3 |  4- 6 || total
-------------------------+-------+-------++-------
Melee: Unarmed           |   156 |   141 ||   297
       Headbutt          |     7 |     7 ||    14
 Cast: Beastly Appendage |     9 |     6 ||    15
       Blink             |       |     1 ||     1
  Use: Scroll            |       |     6 ||     6
       Potion            |       |     2 ||     2
Armor: Leather armour    |    42 |    34 ||    76
Dodge: Dodged            |   153 |   107 ||   260

Table legend: (Time is in decaauts)
 A = Elapsed time spent in this place.
 B = Non-inter-level travel time spent in this place.
 C = Inter-level travel time spent in this place.
 D = Time resting spent in this place.
 E = Time spent auto-exploring this place.
 F = Levels seen in this place.
 G = Mean time per level.
                   A        B        C        D        E       F      G
               +--------+--------+--------+--------+--------+-----+--------+
         Total |   4053 |   3975 |     78 |    222 |   3021 |   4 | 1013.2 |
       Dungeon |   4053 |   3975 |     78 |    222 |   3021 |   4 | 1013.2 |
               +--------+--------+--------+--------+--------+-----+--------+

Top non-repeatable levels by time:
     D:2: 1296 daAuts
     D:3: 1042 daAuts
     D:1: 1026 daAuts
     D:4: 688 daAuts
